 Dungeon Crawl Stone Soup version 0.31-a0-216-g22e908daa7 (webtiles) character file.

Game seed: 551591832875271311

113 qw the Shooter (level 4, -7/36 HPs)
             Began as a Minotaur Hexslinger on July 1, 2023.
             Mangled by Sigmund
             ... wielding a +0 scythe
              (10 damage)
             ... on level 3 of the Dungeon.
             The game lasted 00:00:51 (2223 turns).

qw the Shooter (Minotaur Hexslinger)                Turns: 2223, Time: 00:00:51

Health: -7/36      AC:  5    Str: 12    XL:     4   Next: 65%
Magic:  4/4        EV: 11    Int: 10    God:
Gold:   149        SH:  0    Dex: 15    Spells: 4/5 levels left

rFire   . . .        Y - +1 sling
rCold   . . .        (no shield)
rNeg    . . .        i - +0 ring mail
rPois   .            (helmet restricted)
rElec   .            (no cloak)
rCorr   .            (no gloves)
SInv    .            (no boots)
Will    .....        (no amulet) Stlth
                     (no ring)
HPRegen 0.26/turn    (no ring)
MPRegen 0.09/turn

%: no passive effects
@: confused
A: horns 2, retaliatory headbutt
a: no special abilities


You were on level 3 of the Dungeon.
You visited 1 branch of the dungeon, and saw 3 of its levels.

You collected 149 gold pieces.


Innate Abilities, Weirdness & Mutations

You have a pair of horns on your head.
You reflexively headbutt those who attack you in melee.


   Skills:
 + Level 2.2 Fighting
 - Level 5.0 Ranged Weapons
 - Level 1.0 Armour
 - Level 2.1 Dodging
 - Level 1.0 Spellcasting
 - Level 2.0 Hexes


You had 4 spell levels left.
You knew the following spells:

 Your Spells              Type           Power      Damage    Failure   Level
a - Slow                  Hex            16%        N/A       34%         1

Your spell library contained the following spells:

 Spells                   Type           Power      Damage    Failure   Level
 Inner Flame              Hex/Fire       2%         N/A       83%         3
 Portal Projectile        Hex/Tloc       4%         N/A       83%         3
 Cause Fear               Hex            2%         N/A       98%         4

Inventory:

Hand Weapons
 Y - a +1 sling (weapon)
Armour
 g - a +1 cloak
 i - a +0 ring mail (worn)
Scrolls
 a - a scroll of enchant weapon {unknown}
 b - a scroll of identify
Potions
 e - 2 potions of degeneration {unknown}
 f - a potion of invisibility {unknown}

Dungeon Overview and Level Annotations

Branches:
Dungeon (3/15)

Altars:
Hepliaklqana
The Shining One

Annotations:
D:3 Sigmund


Message History

Sigmund closely misses you.
You shoot a sling bullet. The sling bullet hits Sigmund.
Sigmund is severely wounded.
Sigmund hits you but does no damage.
You shoot a sling bullet. The sling bullet hits Sigmund.
Sigmund is almost dead.
You shoot a sling bullet.
The sling bullet closely misses Sigmund.
Sigmund barely misses you.
You shoot a sling bullet. The sling bullet hits Sigmund.
Sigmund is almost dead.
Sigmund mumbles some strange words.
Sigmund flickers and vanishes!
Deactivating autopickup; reactivate with Ctrl-A.
You shoot a sling bullet. Something hits you.
You shoot a sling bullet.
You hear some strange, mumbled words.
A puff of flame appears from out of thin air!
The puff of flame hits you!
You shoot a sling bullet.
A magic dart appears from out of thin air!
The magic dart hits you but does no damage.
You hear some strange, mumbled words.
Something tries to affect you, but you resist.
You shoot a sling bullet. Something hits you.
You shoot a sling bullet.
You hear some strange, mumbled words.
You are confused.
You shoot a sling bullet. Something hits you.
You shoot a sling bullet.
A magic dart appears from out of thin air!
The magic dart hits you.
You shoot a sling bullet. Something barely misses you.
You shoot a sling bullet. Something hits you!
You die...

#.########.##........########.
#....................# #.
##.........#.........########.
#.#########..................
#.# ##........##.#####% #<#
#........##.# #. #.#
#.[......##.# #. #.#
#.###.#####.## #. #.# #@#
#.####...####. #...%#
#............. #....{#
#####...##### ........# ##..#
###....?# ##.#####
##....#########.......
#...............#####
#...####.....:..#####
#.######....:.


There were no monsters in sight!

Vanquished Creatures
  4 adders
  4 worms
  A dart slug (D:3)
  8 endoplasms
  3 giant cockroaches
  5 goblins
  2 hobgoblins
  4 jackals
  4 quokkas
  5 ball pythons
  7 bats
  7 kobolds
  7 rats
61 creatures vanquished.

Notes
Turn   | Place    | Note
-------+----------+-------------------------------------------
     0 | D:1      | qw the Minotaur Hexslinger began the quest for the Orb.
     0 | D:1      | Reached XP level 1. HP: 16/16 MP: 1/1
     0 | D:1      | 0 ||| qw: Version: 0.3-a-35-g05ef00e
     0 | D:1      | 0 ||| qw: Game counter: 7748
     0 | D:1      | 0 ||| qw: Melee chars always use a shield: true
     0 | D:1      | 0 ||| qw: God list: Okawaru
     0 | D:1      | 0 ||| qw: Allow faded altars: false
     0 | D:1      | 0 ||| qw: Do Orc after clearing Dungeon:15 true
     0 | D:1      | 0 ||| qw: Do second Lair branch before Depths: true
     0 | D:1      | 0 ||| qw: Lair rune preference: random
     0 | D:1      | 0 ||| qw: Goals: Normal
     0 | D:1      | 0 ||| PLANNING D:1-11
    91 | D:1      | Found a faded altar of an unknown god.
   116 | D:1      | Reached skill level 3 in Ranged Weapons
   174 | D:1      | Reached XP level 2. HP: 23/23 MP: 2/2
   656 | D:1      | 656 ||| UPGRADING to +0 ring mail.
   666 | D:1      | 666 ||| DROPPING +0 robe.
   667 | D:1      | 667 ||| READING scroll labelled LAJ PEISUTTA.
   668 | D:1      | 668 ||| READING scroll labelled OTTARPHUAPN.
   669 | D:1      | 669 ||| READING scroll labelled YZESEI VUIST.
   670 | D:1      | 670 ||| DROPPING scroll of poison.
   738 | D:2      | Reached XP level 3. HP: 29/29 MP: 3/3
   986 | D:2      | Reached skill level 4 in Ranged Weapons
  1380 | D:2      | Reached skill level 1 in Armour
  1663 | D:2      | 1663 ||| READING scroll labelled DEHYFU ENEXKA.
  1664 | D:2      | 1664 ||| READING scroll labelled RESMUIPNUVOBB.
  1695 | D:3      | 1695 ||| STAIRDANCE
  1701 | D:2      | Reached XP level 4. HP: 17/36 MP: 4/4
  2035 | D:3      | Found a glowing golden altar of the Shining One.
  2040 | D:3      | Reached skill level 5 in Ranged Weapons
  2047 | D:3      | Found a hazy altar of Hepliaklqana.
  2201 | D:3      | Noticed Sigmund
  2218 | D:3      | HP: 9/36 [something (4)]
  2220 | D:3      | HP: 4/36 [something (6)]
  2223 | D:3      | Mangled by Sigmund

Levels and vault maps discovered:
D:1:      heliophobic_arrival_battle_scene, layout_loops_ring,
          ebering_ecumenical_altar_box
D:2:      layout_loops_corners
D:3:      layout_loops_ring, mainiacjoe_overflow_catwalk_spiral, uniq_sigmund

Skill      XL: |  1  2  3  4 |
---------------+-------------+-----
Ranged Weapons | 3 4 5 |  5.0
Fighting       | 2 |  2.2
Armour         | 1 |  1.0
Dodging        | |  2.1
Spellcasting   | |  1.0
Hexes          | |  2.0

Action                     |  1- 3 |  4- 6 || total
---------------------------+-------+-------++-------
   Fire: Sling             |   141 |    69 ||   210
    Use: Scroll            |     5 |       ||     5
 Armour: Robe              |     2 |       ||     2
         Ring mail         |    29 |    11 ||    40
  Dodge: Dodged            |    46 |    18 ||    64

Table legend:
 A = Non-vault XP
 B = Vault XP
 C = Vault XP percentage of total XP
 D = Non-vault monster count
 E = Vault monster count
 F = Vault count percentage of total count
                 A         B        C        D         E       F
            +---------+---------+-------+---------+---------+-------
      Total |     162 |       0 |   0.0 |      61 |       0 |   0.0
            +---------+---------+-------+---------+---------+-------
        D:1 |      40 |       0 |   0.0 |      27 |       0 |   0.0
        D:2 |      66 |       0 |   0.0 |      20 |       0 |   0.0
        D:3 |      56 |       0 |   0.0 |      14 |       0 |   0.0
            +---------+---------+-------+---------+---------+-------
